[Event "FIDE WCCC U10 2018"]
[Site "Santiago de Compostela"]
[Date "2018.11.13"]
[Round "9"]
[White "Deuer, Marius"]
[Black "Vagman, Roy"]
[Result "1/2-1/2"]
[ECO "A06"]
[WhiteElo "1695"]
[BlackElo "1970"]
[Annotator "NA RC"]
[PlyCount "193"]
[EventDate "2018.11.04"]
[EventType "swiss"]
[EventCountry "ESP"]
[SourceTitle "playchess.com"]
[Source "ChessBase"]
[SourceQuality "1"]
[TimeControl "40/5400+30:1800+30"]

1. Nf3 d5 2. e3 Nf6 3. b3 g6 4. Bb2 Bg7 5. c4 e6 {[%emt 0:01:19] A06: Zukertort-Eröffnung} (5... O-O 6. Be2 c5 7. O-O dxc4 8. bxc4 Nc6 9. d3 b6 10. Nc3 Bb7 11. Rb1 e6 12. Qc2 Qe7 13. Nd2 Rfd8 14. a3 Ne8 15. f4 Nd6 16. Nce4 Nxe4 17. Nxe4 {0-1 (35) Kryvoruchko,Y (2710)-Anand,V (2803) Berlin 2015}) 6. d4 O-O {[%emt 0:01:26] LiveBook: 3 Games} 7. Nbd2 a5 $146 ({Vorgänger:} 7... b6 8. Bd3 Bb7 9. cxd5 Nxd5 10. O-O c5 11. Nc4 Nc6 12. dxc5 Bxb2 13. Nxb2 {1-0 (55) Sharafiev,A (2432)-Gogolev,A (2389) Sochi 2018}) 8. Bd3 b6 9. O-O Bb7 10. a3 Ne4 11. Qc2 f5 12. Ne5 (12. cxd5 $11 exd5 13. Rac1) 12... a4 13. Rad1 axb3 14. Nxb3 Nd7 15. Nxd7 Qxd7 16. f3 Nf6 17. Rc1 Rf7 18. c5 Qd8 19. Qe2 Bh6 20. c6 Bc8 21. Ra1 Nh5 22. g3 Qd6 23. Rfc1 Bg7 24. f4 Nf6 25. a4 Qb4 {[%emt 0:02:33] [#]} 26. Qc2 (26. Qd1 $1 $16 Qf8 27. a5) 26... Qe7 $1 27. Qe2 Qb4 28. Qc2 Qe7 29. a5 bxa5 30. Rxa5 Rxa5 31. Nxa5 Ng4 32. Re1 g5 33. h3 Nf6 34. Ra1 gxf4 35. Ba3 Qe8 36. gxf4 Bf8 37. Bxf8 Kxf8 38. Nb7 Rg7+ 39. Kh1 Qh5 40. Bf1 Ne4 41. Bg2 {[%emt 0:02:40] [#]} Kf7 (41... Qh4 $1 $17 42. Ra8 Qe1+ 43. Kh2 Qg3+ 44. Kh1 Rg6) 42. Ra8 $2 {[%emt 0:03:32] [#]} (42. Nc5 $11 {and White is okay.}) 42... Rg8 $2 (42... Qh4 $1 $19 43. Rxc8 Qe1+ 44. Kh2 Kf6) 43. Ra7 Qh4 44. Ra2 Qe1+ 45. Kh2 Qxe3 46. Qe2 Qxf4+ 47. Kg1 Ng3 48. Qf2 Qc1+ 49. Kh2 Qxc6 50. Qxg3 Rxg3 51. Nd8+ Kf6 52. Nxc6 Rc3 53. Ne5 (53. Nb4 $11) 53... c5 54. Nf3 cxd4 55. Nxd4 Rc4 56. Rd2 Bd7 57. Nxe6 (57. Nf3 $11) 57... Bxe6 58. Bxd5 Bxd5 59. Rxd5 Kg5 60. Kg3 Rc3+ 61. Kg2 h5 62. Rd4 h4 63. Rd2 Rb3 64. Rc2 Rg3+ 65. Kh2 $1 Re3 66. Kg2 Kf4 67. Rf2+ Ke4 68. Ra2 Kf4 ({Black should play} 68... Rg3+ $17 69. Kf2 Rd3 70. Ra4+ Rd4) 69. Rf2+ Ke5 70. Ra2 Rg3+ 71. Kh2 Kf6 72. Ra6+ Kg5 73. Ra2 Rb3 74. Kg2 Rb1 75. Rc2 Ra1 76. Rb2 Ra3 77. Rc2 Kf4 78. Rc4+ Ke3 79. Rxh4 f4 80. Rh8 Ra2+ 81. Kg1 Ra1+ 82. Kh2 f3 83. Re8+ Kf2 84. Rf8 Ra3 85. h4 Ra7 86. h5 Rg7 87. h6 Rg6 (87... Rg5 $5 88. Kh3 $8 Rh5+ 89. Kg4 Rxh6 90. Rxf3+ Ke2 $11) 88. Rh8 Rg2+ (88... Rf6 $5) 89. Kh3 Kg1 90. Rf8 f2 91. Kh4 Rh2+ 92. Kg5 Rg2+ 93. Kh5 Rh2+ 94. Kg6 Rh3 95. Rxf2 Kxf2 96. h7 Rxh7 $11 97. Kxh7 1/2-1/2

[Event "FIDE WCCC U10 2018"]
[Site "Santiago de Compostela"]
[Date "2018.11.13"]
[Round "9"]
[White "Emrikian, Aren"]
[Black "Kuhn, Clement"]
[Result "1/2-1/2"]
[ECO "B31"]
[WhiteElo "1658"]
[BlackElo "2087"]
[Annotator "NA RC"]
[PlyCount "87"]
[EventDate "2018.11.04"]
[EventType "swiss"]
[EventCountry "ESP"]
[SourceTitle "playchess.com"]
[Source "ChessBase"]
[SourceQuality "1"]
[TimeControl "40/5400+30:1800+30"]

1. e4 c5 2. Nf3 Nc6 3. Bb5 g6 4. Bxc6 dxc6 5. d3 Bg7 {[%emt 0:00:08] B31: Sicilian: 2...Nc6 3 Bb5 g6} 6. Nbd2 (6. h3 Nf6 7. Nc3 O-O 8. O-O Ne8 9. Be3 b6 10. e5 f6 11. Re1 Nc7 12. Qd2 fxe5 13. Bh6 Rxf3 14. Bxg7 Kxg7 15. gxf3 Bxh3 16. Rxe5 e6 17. Rg5 {1-0 (33) Caruana,F (2827)-Gelfand,B (2703) Batumi 2018}) 6... Nf6 7. a4 O-O 8. O-O b6 9. Re1 Qc7 10. Nc4 Nd7 $146 ({Predecessor:} 10... Ba6 11. Bg5 Rad8 12. Qe2 h6 13. Bh4 Nh5 14. e5 Bc8 {0-1 (49) Bagatsch,T (2125)-Reichel,N (2148) Germany 2006}) 11. c3 e5 12. Qb3 Ba6 13. Be3 Rfe8 14. Red1 Nf8 15. Nfd2 Rad8 16. Qc2 Ne6 17. g3 {[%emt 0:08:01] [#]} (17. Nf3 $15) 17... Rd7 ({Black should try} 17... f5 $1 $19 18. f3 f4) 18. b4 cxb4 19. cxb4 Nd4 20. Bxd4 Rxd4 21. Nb3 Rd7 22. a5 Bc8 23. Ne3 Re6 24. Rac1 Qd8 25. Nc4 Bh6 26. Ra1 Bb7 27. Qc3 Bg7 28. Ra2 Kh8 29. Qc2 f5 30. Raa1 Bf8 31. exf5 gxf5 32. Qc3 Bg7 33. Rac1 Ba6 (33... Qc7 $17 34. Ncd2 {[#]} c5 $1 ) 34. Qc2 Bb5 35. Kg2 e4 $2 (35... f4 $17 36. Kg1 Re8) 36. dxe4 Rxe4 37. Rxd7 Qxd7 38. Qd2 Qxd2 39. Nbxd2 Re2 40. Kf3 Re8 (40... Re6 $11 {remains equal.}) 41. Nd6 Rf8 42. Nxb5 cxb5 43. axb6 axb6 44. Nb3 $11 1/2-1/2

[Event "FIDE WCCC U10 2018"]
[Site "Santiago de Compostela"]
[Date "2018.11.13"]
[Round "9"]
[White "Li Yihao"]
[Black "Mardov, Dimitar"]
[Result "0-1"]
[ECO "B41"]
[WhiteElo "1601"]
[BlackElo "1985"]
[Annotator "NA RC"]
[PlyCount "116"]
[EventDate "2018.11.04"]
[EventType "swiss"]
[EventCountry "ESP"]
[SourceTitle "playchess.com"]
[Source "ChessBase"]
[SourceQuality "1"]
[TimeControl "40/5400+30:1800+30"]

1. e4 c5 2. Nf3 e6 3. d4 cxd4 4. Nxd4 a6 5. c4 Qc7 6. Nc3 Nf6 7. a3 b6 8. Be2 {[%emt 0:05:09] B41: Sicilian: Kan Variation: 5 c4} (8. f3 Bb7 9. Be3 Nc6 10. Rc1 Nxd4 11. Bxd4 Bd6 12. g3 h5 13. Qd2 h4 14. g4 Bf4 15. Be3 Bxe3 16. Qxe3 {1-0 (84) Triapishko,A (2508)-Dubov,D (2703) Sochi 2018}) 8... Bb7 9. f3 {LiveBook: 94 Games} Nc6 10. Nxc6 (10. Be3 $14) 10... Bxc6 11. Be3 Be7 $146 ({Predecessor:} 11... Bd6 12. Qd2 Bxh2 13. Bxb6 Qxb6 {0-1 (13) De Putter,T (2020)-Landa,K (2584) Vlissingen 2006}) 12. Qc2 O-O 13. O-O d6 14. b4 Rfc8 15. Qb3 Nd7 16. Rac1 Qb8 17. Rfd1 Bd8 18. Rd2 Bc7 19. Rcd1 b5 $1 20. Bf4 bxc4 21. Bxc4 (21. Qxc4 $11 {remains equal.} Qa7+ 22. Kf1) 21... d5 $1 22. exd5 Bxf4 23. dxc6 Ne5 24. Rc2 Nxc6 25. Ne4 {[%emt 0:01:00] [#]} (25. Kf1 $142) 25... Bxh2+ (25... Qb6+ $1 $19 {has better winning chances.} 26. Nc5 Rd8) 26. Kf1 (26. Kh1 $17 Re8 27. Ng5) 26... Ne5 27. Be2 {[%emt 0:02:34] [#]} Qb6 $1 (27... Rxc2 28. Qxc2 a5 29. bxa5 $11) 28. Rxc8+ Rxc8 29. Nc5 {[%emt 0:00:08] [#]} g6 (29... a5 $1 $17 30. Qc3 h6) 30. Qe3 a5 (30... Nc6 $11) 31. Qe4 axb4 32. axb4 Nc6 33. Rb1 Nxb4 34. Qxb4 Qxb4 35. Rxb4 Rxc5 36. Rb7 Bg3 37. Bb5 Rc1+ 38. Ke2 Kf8 39. Ra7 Rg1 40. Ra8+ Kg7 41. Ra7 Rxg2+ 42. Kd3 Rf2 43. Ke4 Rb2 44. Be8 Rb4+ 45. Ke3 Rf4 46. Bd7 Rf6 47. Ke4 h5 48. Ra1 h4 49. Rh1 Rf4+ 50. Ke3 Rc4 51. Bb5 Rb4 52. Be2 f5 53. Ba6 Kf6 54. Bc8 (54. Kd3 $142) 54... Rb3+ 55. Ke2 Rc3 56. Bd7 g5 57. Be8 Ke5 58. Bd7 Kf4 $19 0-1

[Event "FIDE WCCC U10 2018"]
[Site "Santiago de Compostela"]
[Date "2018.11.14"]
[Round "10"]
[White "Kadam Om Manish"]
[Black "Volkov, Maksim"]
[Result "0-1"]
[ECO "C07"]
[WhiteElo "2025"]
[BlackElo "1971"]
[Annotator "NA RC"]
[PlyCount "58"]
[EventDate "2018.11.04"]
[EventType "swiss"]
[EventCountry "ESP"]
[SourceTitle "playchess.com"]
[Source "ChessBase"]
[SourceQuality "1"]
[TimeControl "40/5400+30:1800+30"]

1. e4 e6 2. d4 d5 3. Nd2 c5 4. exd5 Qxd5 5. Ngf3 cxd4 6. Bc4 Qd6 7. O-O Nf6 8. Nb3 Nc6 9. Nbxd4 Nxd4 10. Nxd4 a6 11. Re1 Qc7 12. Bf1 {[%emt 0:01:38] C07: French Tarrasch: 3...c5, 4 Ngf3 and 4 exd5 Qxd5} Bd7 (12... Be7 13. Qf3 O-O 14. Bf4 Bd6 15. Bxd6 Qxd6 16. Rad1 Qc7 17. c4 Rb8 18. Qg3 Qxg3 19. hxg3 Bd7 {½-½ (61) Karjakin,S (2773)-Duda,J (2737) chess.com INT 2018}) 13. c3 Bd6 14. h3 $146 ({Predecessor:} 14. g3 O-O 15. Bg5 Nd5 16. Bg2 h6 17. Bd2 Ne7 18. Qh5 e5 19. Nc2 Bc6 20. Bxc6 Qxc6 {0-1 (44) Petrik,T (2498)-Piorun,K (2523) Czechia 2015}) 14... O-O-O 15. Qc2 Kb8 16. a4 Rhg8 17. Be3 g5 {[%emt 0:03:29] [#]} ({Lieber} 17... Nd5 $11) 18. b4 $2 {[%emt 0:12:32] [#]} (18. Nb5 $1 $16 axb5 19. axb5) 18... Nd5 $2 (18... g4 $1 $17 19. h4 g3) 19. Bd2 {[%emt 0:29:08] [#]} (19. b5 $1 $11 {bleibt in der Remisbreite.}) 19... g4 $1 20. h4 {[%emt 0:01:38] [#]} (20. hxg4 $17 {was worth a try.} Bh2+ 21. Kh1) 20... g3 $1 21. f3 Rc8 22. Qb3 $2 (22. Qd3 {might work better.}) 22... Qd8 23. Re4 Nf6 24. Ree1 e5 25. Nb5 $2 (25. b5 exd4 26. bxa6) 25... axb5 26. axb5 {[%emt 0:00:07] [#]} (26. Qxf7 $142 bxa4 27. Rad1) 26... Bc7 (26... Ng4 $142 $1 27. Bd3 (27. fxg4 Qxh4) 27... Qxh4) 27. c4 {[%emt 0:03:10] [#]} Be6 $2 ({Inferior is} 27... Bb6+ 28. c5 $11) ({Black should try} 27... Ng4 $1 $19 28. Bg5 (28. fxg4 Qxh4) 28... Rxg5) 28. Be3 Bb6 29. Qa3 Bxe3+ $15 (29... Nd7 $17 30. Bxb6 Qxb6+ 31. c5 {[#]} Nxc5 $1 32. bxc5 Qxc5+ 33. Qxc5 Rxc5) 0-1

[Event "FIDE WCCC U10 2018"]
[Site "Santiago de Compostela"]
[Date "2018.11.14"]
[Round "10"]
[White "Xiao, Tong"]
[Black "Cherniaiev, Tykhon"]
[Result "0-1"]
[ECO "B45"]
[WhiteElo "2022"]
[BlackElo "1940"]
[Annotator "NA RC"]
[PlyCount "128"]
[EventDate "2018.11.04"]
[EventType "swiss"]
[EventCountry "ESP"]
[SourceTitle "playchess.com"]
[Source "ChessBase"]
[SourceQuality "1"]
[TimeControl "40/5400+30:1800+30"]

1. e4 c5 2. Nf3 e6 3. d4 cxd4 4. Nxd4 Nc6 5. Nc3 Nf6 6. Ndb5 Bb4 7. a3 Bxc3+ 8. Nxc3 d5 9. exd5 exd5 10. Bd3 O-O 11. O-O d4 12. Ne2 Re8 {LiveBook: 55 Games} 13. h3 {B45: Sicilian Four Knights} a6 (13... Re5 14. Bf4 Rd5 15. Ng3 Ne5 16. Bxe5 Rxe5 17. Qf3 Qb6 18. Qf4 Re8 19. Ne2 Rd8 20. Rfd1 Be6 21. Nxd4 Qxb2 22. Nxe6 fxe6 {1-0 (49) Andriasian,Z (2588)-Petrov,M (2535) Kalamaria 2010}) 14. Bf4 h6 15. Qd2 $146 ({Predecessor:} 15. Re1 Qd5 16. Ng3 Bd7 17. Qd2 g5 18. Bc7 b5 19. f4 Rac8 20. fxg5 hxg5 21. Nf5 {1-0 (41) Carlier,B (2360)-Winants,L (2415) Wijk aan Zee 1987}) 15... Be6 (15... Ne4 $11 {hält das Gleichgewicht.} 16. Bxe4 Rxe4) 16. Rfe1 Nd5 17. Bh2 Qd7 18. Be4 Nde7 19. Ng3 Rad8 20. Rad1 Bd5 21. Nh5 Bxe4 22. Rxe4 Ng6 23. Rde1 (23. Rxe8+ $11 Qxe8 24. Re1) 23... Rxe4 24. Rxe4 Qd5 25. Ng3 {[#]} (25. Qe2 $15) 25... Qa2 (25... f5 $1 $17 26. Re1 Nh4) 26. h4 $2 (26. Qc1 $15) 26... Qxb2 27. h5 Nf8 28. Qd1 Qxa3 29. Nf5 Rd5 30. Rf4 $2 (30. g4) 30... d3 31. c4 (31. cxd3 $142 Rc5 32. Nxh6+ gxh6 33. Rg4+ Kh7 34. Bf4 Rxh5 35. Be3) 31... Ra5 32. Ne3 Qa1 33. Kf1 Qxd1+ $2 (33... Nb4 34. g4 Nc2 35. Qxa1 Rxa1+ 36. Kg2 Nxe3+ 37. fxe3 d2) 34. Nxd1 Rxh5 35. Bg1 Ne6 36. Re4 Re5 37. f3 Rxe4 38. fxe4 Kf8 39. Ke1 Ke7 40. Kd2 Ne5 41. c5 Nd7 42. Kxd3 Ndxc5+ 43. Ke3 b5 44. Nc3 Kd7 45. Nd5 Ng5 46. e5 Ke6 47. Nc7+ Kxe5 48. g4 Kd6 49. Ne8+ Ke7 50. Nxg7 Kf6 51. Nh5+ Kg6 52. Nf4+ Kh7 53. Nd5 Nge6 54. Bh2 Kg6 55. Kf3 Kg5 56. Bg1 h5 57. Be3+ Kg6 58. gxh5+ Kxh5 59. Ne7 b4 60. Nd5 b3 61. Nc3 f5 62. Kg3 Ne4+ 63. Nxe4 fxe4 64. Bc1 Nc5 0-1

[Event "FIDE WCCC U10 2018"]
[Site "Santiago de Compostela"]
[Date "2018.11.14"]
[Round "10"]
[White "Pingin, Artem"]
[Black "Mardov, Dimitar"]
[Result "1-0"]
[ECO "B42"]
[WhiteElo "1981"]
[BlackElo "1985"]
[Annotator "NA RC"]
[PlyCount "115"]
[EventDate "2018.11.04"]
[EventType "swiss"]
[EventCountry "ESP"]
[SourceTitle "playchess.com"]
[Source "ChessBase"]
[SourceQuality "1"]
[TimeControl "40/5400+30:1800+30"]

1. e4 c5 2. Nf3 e6 3. d4 cxd4 4. Nxd4 a6 5. Bd3 Qc7 6. O-O Nf6 7. Qe2 d6 8. c4 g6 9. Nc3 Bg7 10. Nf3 O-O 11. Bg5 {[%emt 0:01:56] LiveBook: 3 Games B42: Sicilian: Kan Variation: 5 Bd3} (11. h3 Nc6 12. Be3 Nd7 13. Rac1 Nde5 14. Rfd1 Nxf3+ 15. Qxf3 Ne5 16. Qe2 b6 17. b3 Bb7 18. Bb1 Rfd8 {0-1 (61) Volokitin,A (2624)-Vallejo Pons,F (2711) Almaty 2016}) 11... Nc6 12. Rac1 Nd7 13. Rfd1 Nce5 $146 ({Black should play Predecessor:} 13... Bxc3 $14 14. Rxc3 f6 15. Bh6 Re8 16. Bb1 Nc5 17. Qd2 Rd8 18. Rcc1 a5 {½-½ (54) Arakhamia Grant,K (2393)-Choladze,M (1989) Kutansi 2015}) 14. Nxe5 Nxe5 15. b3 h6 16. Bf4 Rd8 17. Bb1 Kh7 ({Black should try} 17... Bd7 $14) 18. Be3 Qe7 19. Na4 Nc6 20. c5 d5 21. Nb6 Rb8 22. exd5 exd5 23. Nxd5 Qe6 ({Black should play} 23... Qe5) 24. Nf4 Rxd1+ 25. Qxd1 Qe8 26. Qd2 Be6 (26... Bg4 $14) 27. Nh5 Bh8 28. Ng3 (28. Bxh6 $142 Rd8 29. Qe3) 28... Rd8 29. Qe1 Bd5 30. Rd1 Qe6 31. f4 (31. h4 $16) 31... Re8 32. Bf2 Qg4 ({Black should play} 32... Qxe1+ 33. Bxe1 f5) 33. Qxe8 Qxd1+ 34. Qe1 Qg4 35. Qd2 Qe6 36. Qe3 (36. f5 $18 Qe5 37. h4) 36... Qf6 37. Qd2 ({Günstiger ist} 37. f5 $16) 37... Qe6 38. h4 Ne7 39. h5 Bf6 40. hxg6+ fxg6 41. Qe2 Qxe2 42. Nxe2 Nc6 43. Ng3 Kg7 44. f5 g5 45. Be4 Ne7 (45... Bxe4 $16 46. Nxe4 h5) 46. Bxd5 Nxd5 47. Ne4 Be5 48. Nd6 Bxd6 $2 (48... h5 $16) 49. cxd6 Kf7 {[%emt 0:00:42] [#]} 50. Bd4 $1 Ke8 51. Bg7 h5 52. Kf2 Kd7 $2 (52... Nb4 53. g4 hxg4) 53. f6 Nxf6 54. Bxf6 Kxd6 55. Bxg5 Ke5 56. Kg3 Kf5 57. Kh4 Kg6 $18 58. Bd2 1-0

[Event "FIDE WCCC U10 2018"]
[Site "Santiago de Compostela"]
[Date "2018.11.14"]
[Round "10"]
[White "Vagman, Roy"]
[Black "Ngo, Bach"]
[Result "1/2-1/2"]
[ECO "C41"]
[WhiteElo "1970"]
[BlackElo "1810"]
[Annotator "NA RC"]
[PlyCount "82"]
[EventDate "2018.11.04"]
[EventType "swiss"]
[EventCountry "ESP"]
[SourceTitle "playchess.com"]
[Source "ChessBase"]
[SourceQuality "1"]
[TimeControl "40/5400+30:1800+30"]

1. e4 d6 2. d4 Nf6 3. Nc3 e5 4. Nf3 Nbd7 5. Bc4 Be7 6. O-O O-O 7. Re1 c6 8. a4 b6 9. Ba2 a6 10. h3 Bb7 11. Be3 {[%emt 0:06:40] C41: Philidor Defence} (11. dxe5 dxe5 12. Nh4 b5 13. Nf5 b4 14. Nb1 Ne8 15. Be3 Bc5 16. Nd2 g6 17. Nb3 Bxe3 18. Nxe3 Qc7 {½-½ (28) Kislinsky,A (2574)-Nepomniachtchi,I (2710) Legnica 2013}) 11... b5 12. axb5 {[%emt 0:01:55] LiveBook: 3 Games} axb5 13. b4 Qc7 14. Qd2 Nb6 15. Bg5 $146 ({Predecessor:} 15. dxe5 dxe5 16. Bc5 Rad8 17. Qe3 Bxc5 18. bxc5 {1-0 (62) Fruebing,S (2347)-Glienke,M (2279) Germany 2016}) 15... Ne8 16. Bxe7 Qxe7 17. Bb3 Nc7 ({Black should play} 17... Nf6 $14) 18. Qe3 Nd7 19. Qd3 Rfe8 20. Rad1 Nf8 21. d5 cxd5 22. Bxd5 Bxd5 23. Nxd5 Nxd5 24. Qxd5 Rec8 25. Qxd6 Qxd6 26. Rxd6 Rxc2 (26... f6 $1 $11 {keeps the balance.}) 27. Nxe5 Raa2 28. Nd3 Rd2 29. Rd5 g6 30. Re3 Ra1+ 31. Kh2 Ra3 32. Kg3 Ne6 33. Nf4 Raa2 34. Rxd2 ({Of course not} 34. Rxb5 $6 Nxf4 35. Kxf4 Rxf2+ 36. Ke5 Rxg2 $14) 34... Rxd2 35. Nd5 Nd4 36. Ra3 Ne2+ $1 37. Kh2 (37. Kf3 $16) 37... Nd4 38. Kg3 Ne2+ 39. Kh2 Nd4 40. Kg1 Rd1+ 41. Kh2 Rd2 $11 1/2-1/2

[Event "FIDE WCCC U10 2018"]
[Site "Santiago de Compostela"]
[Date "2018.11.14"]
[Round "10"]
[White "Amgalantengis, Enkh-Amgalan"]
[Black "Nemsadze, Daviti"]
[Result "1-0"]
[ECO "E83"]
[WhiteElo "1918"]
[BlackElo "1762"]
[Annotator "NA RC"]
[PlyCount "55"]
[EventDate "2018.11.04"]
[EventType "swiss"]
[EventCountry "ESP"]
[SourceTitle "playchess.com"]
[Source "ChessBase"]
[SourceQuality "1"]
[TimeControl "40/5400+30:1800+30"]

1. d4 Nf6 2. c4 g6 3. Nc3 Bg7 4. e4 d6 5. f3 O-O 6. Be3 Nc6 7. Qd2 e5 {[%emt 0:06:22] LiveBook: 16 Games} 8. d5 Ne7 9. O-O-O Nh5 {[%emt 0:01:34] [#] E83: Königsindisch (Sämisch-Angriff)} (9... Bd7 $142) 10. g4 $1 Nf4 {[%emt 0:00:17] [#]} 11. Nge2 $1 a6 $146 ({Vorgänger:} 11... f5 {might work better.} 12. h3 a6 13. Nxf4 exf4 14. Bd4 Bxd4 15. Qxd4 fxg4 16. hxg4 Rf7 {1-0 (29) Verdnikov,V (2194)-Nelyubin,G (2058) Izhevsk 2010}) 12. Nxf4 exf4 13. Bxf4 Bh8 14. h4 b5 15. h5 ({Don't take} 15. cxb5 axb5 16. Bxb5 Bd7 $18) 15... bxc4 16. Qh2 Bg7 (16... g5 $142 17. Bxg5 Bxc3 18. bxc3 f6) 17. hxg6 fxg6 18. Qxh7+ Kf7 19. Bh6 Rg8 20. Bxc4 Kf8 {[%emt 0:04:16] [#]} 21. e5 $1 Rb8 22. e6 Rb4 23. Rd4 g5 24. Bxg5 Qe8 25. Rf4+ Nf5 26. Qxf5+ Bf6 27. Qxf6+ Qf7 28. Qxf7# 1-0

[Event "FIDE WCCC U10 2018"]
[Site "Santiago de Compostela"]
[Date "2018.11.14"]
[Round "10"]
[White "Atanasov, Anthony"]
[Black "Zhao, Erick"]
[Result "0-1"]
[ECO "A45"]
[WhiteElo "1916"]
[BlackElo "1957"]
[Annotator "NA RC"]
[PlyCount "102"]
[EventDate "2018.11.04"]
[EventType "swiss"]
[EventCountry "ESP"]
[SourceTitle "playchess.com"]
[Source "ChessBase"]
[SourceQuality "1"]
[TimeControl "40/5400+30:1800+30"]

1. d4 Nf6 2. Bf4 g6 3. e3 Bg7 4. Be2 O-O 5. Nf3 d5 6. O-O c5 7. c3 Nc6 {[%emt 0:01:30] D02: 1 d4 d5 2 Nf3 sidelines, including 2...Nf6 3 g3 and 2...Nf6 3 Bf4} 8. Nbd2 Nd7 9. Qb3 c4 {[%emt 0:07:09] LiveBook: 5 Games} 10. Qd1 (10. Qa3 b5 11. e4 Nb6 12. Qc5 dxe4 13. Nxe4 Qd5 14. Qxd5 Nxd5 15. Bg3 {1-0 (76) Artemiev,V (2691)-Ding,L (2777) Huaian 2017}) 10... e5 $146 ({Predecessor:} 10... Re8 11. e4 e6 12. h3 b5 13. a3 Bb7 14. e5 a5 {1-0 (47) Klevets,K (1834)-Frolov,A (2086) St Petersburg 2018}) 11. dxe5 Ndxe5 12. Nxe5 Bxe5 13. Bxe5 Nxe5 14. Nf3 Nc6 15. Qd2 Qa5 16. Rfd1 Rd8 17. h3 b5 18. Nd4 Bb7 19. b4 Qb6 20. Nxc6 Bxc6 21. a3 a5 22. Bf3 Rd7 23. Ra2 Ra6 24. Qe2 Qa7 25. Rc2 axb4 26. axb4 Ra3 27. Kh2 Qb8+ 28. g3 Qe5 29. Rd4 Qb8 30. Qd2 Qa8 31. h4 h6 32. Bg2 Raa7 $1 33. Bh3 Re7 34. Bg2 (34. Rf4 $14) 34... Red7 35. Qd1 Ra1 36. Qf3 Kg7 37. Rcd2 Qe8 (37... Re7 $11) 38. Rd1 Ra3 39. Rc1 Ra2 40. Kg1 Rd6 41. Qd1 Qa8 42. h5 (42. Rd2 $16) 42... g5 43. f4 Re6 44. Rd2 f6 (44... gxf4 $11 {keeps the balance.} 45. gxf4 Kf8) 45. fxg5 hxg5 46. Qg4 $11 (46. Rxa2 $16 Qxa2 47. Ra1 (47. Bxd5 $2 Bxd5 48. Qxd5 Rxe3 $19)) 46... Rxd2 47. Qxe6 Qe8 48. Qd6 Qxe3+ 49. Kh1 Qe2 50. Qc7+ Kh6 51. Rg1 Qxh5+ 0-1

[Event "FIDE WCCC U10 2018"]
[Site "Santiago de Compostela"]
[Date "2018.11.14"]
[Round "10"]
[White "Jin Yueheng"]
[Black "Dang, Anh Minh"]
[Result "1/2-1/2"]
[ECO "D70"]
[WhiteElo "1914"]
[BlackElo "1817"]
[Annotator "NA RC"]
[PlyCount "99"]
[EventDate "2018.11.04"]
[EventType "swiss"]
[EventCountry "ESP"]
[SourceTitle "playchess.com"]
[Source "ChessBase"]
[SourceQuality "1"]
[TimeControl "40/5400+30:1800+30"]

1. d4 Nf6 2. c4 g6 3. Nf3 d5 4. cxd5 Nxd5 {[%emt 0:00:03] LiveBook: 126 Partien} 5. e4 Nb6 6. h3 Bg7 7. Nc3 O-O 8. Be2 Kh8 {[%emt 0:07:30] D70: Grünfeld: Unusual White 3rd moves (met by ...d5)} (8... Nc6 9. Be3 f5 10. exf5 Bxf5 11. O-O Qd6 12. Qd2 Rad8 13. Rad1 Kh8 14. Bh6 e5 15. Bxg7+ Kxg7 16. d5 Ne7 17. Nb5 Qf6 18. Nxc7 Nexd5 19. Nxd5 Nxd5 {0-1 (60) Shariyazdanov,A (2526)-Artemiev,V (2706) Sochi 2018}) 9. O-O f5 $146 ({Predecessor:} 9... c6 10. Be3 f5 11. Qd2 N8d7 12. Bh6 Nf6 13. Bxg7+ Kxg7 14. exf5 Bxf5 15. Bd3 Be6 16. Rfe1 {1-0 (35) Jurek,J (2352)-Risch,P (2116) Lenzerheide 2010}) 10. exf5 Bxf5 11. Be3 Nc6 12. Qd2 e5 {[%emt 0:10:15] [#]} 13. Rad1 ({White should play} 13. d5 $1 $16 Nd4 14. Nxd4 exd4 15. Bxd4) 13... e4 14. Nh2 Nd5 15. Nxd5 Qxd5 16. b3 Rad8 17. Bc4 Qd6 18. Bf4 Qe7 19. d5 Ne5 20. Bg5 Bf6 21. Bxf6+ Qxf6 22. Qd4 Nxc4 23. bxc4 Qxd4 24. Rxd4 g5 25. Rfd1 Rfe8 26. Nf1 Bg6 27. Re1 (27. Ne3 $16) 27... Re5 28. Rd2 b5 {[%emt 0:01:35] [#]} 29. cxb5 (29. Ne3 $1 $16) 29... Rexd5 30. Rxd5 Rxd5 31. a4 Rd4 32. Ra1 Kg7 33. a5 Kf6 34. Ne3 Ke6 35. Rb1 (35. Rc1 $16) 35... Rd6 (35... Be8 $11) 36. Kf1 ({White should play} 36. Rc1 $16) 36... Be8 37. Rb4 Kf7 38. Ke2 a6 $2 {[%emt 0:00:31] [#]} (38... h5 $11) 39. bxa6 $2 ({Better is} 39. Nc4 $1 $18 Rd8 40. bxa6) 39... Rxa6 40. Nc4 Ke6 41. Kd2 Bc6 42. Kc3 e3 43. Nxe3 Rxa5 44. Rc4 Kd6 45. Rd4+ Ke6 46. Rc4 Kd7 47. Rd4+ Kc8 48. h4 $11 h6 49. hxg5 hxg5 50. g3 1/2-1/2

[Event "FIDE WCCC U10 2018"]
[Site "Santiago de Compostela"]
[Date "2018.11.14"]
[Round "10"]
[White "Uritsky, Yonathan"]
[Black "Bialiauski, Artsiom"]
[Result "0-1"]
[ECO "C45"]
[WhiteElo "1902"]
[BlackElo "1791"]
[Annotator "NA RC"]
[PlyCount "72"]
[EventDate "2018.11.04"]
[EventType "swiss"]
[EventCountry "ESP"]
[SourceTitle "playchess.com"]
[Source "ChessBase"]
[SourceQuality "1"]
[TimeControl "40/5400+30:1800+30"]

1. e4 e5 2. Nf3 Nc6 3. d4 exd4 4. Nxd4 Nf6 5. Nxc6 bxc6 6. e5 Qe7 7. Qe2 Nd5 8. h4 d6 {[%emt 0:17:12] C45: Scotch Game} (8... Qe6 9. g3 Nb4 10. c4 Ba6 11. Bf4 d5 12. a3 Bxc4 13. Qd1 Bxf1 14. Kxf1 Na6 15. Nc3 Nc5 16. b4 {1-0 (32) Tomczak,J (2614)-Kramnik,V (2779) Batumi 2018}) 9. c4 {[%emt 0:00:43] LiveBook: 28 Games} Nb4 10. a3 Na6 11. exd6 cxd6 12. b4 Nc7 $146 ({Predecessor:} 12... Bg4 13. f3 Be6 14. Bb2 Nb8 15. Nc3 Nd7 16. O-O-O {½-½ (34) Ponkratov,P (2603)-Romanov,E (2610) Sochi 2017}) 13. Bb2 Be6 14. Nd2 d5 15. Nf3 dxc4 16. Ne5 c5 17. bxc5 ({Stronger than} 17. Nxc4 cxb4 18. Ne5 Bd5 $15) (17. O-O-O $16 Rd8 18. Rxd8+ (18. Nxc4 Rxd1+ 19. Qxd1 cxb4 $15) 18... Qxd8 19. Qc2 (19. Nxc4 cxb4 20. axb4 f6 $15)) 17... Qxc5 18. Rd1 $2 (18. Nxc4 $11 {und Weiss muss sich keine Sorgen machen.} Be7 19. Bxg7) 18... c3 19. Bc1 Be7 20. Qe3 Qxe3+ 21. fxe3 Bf6 22. Nf3 Rb8 23. Be2 Bb3 24. Rd6 Ke7 25. Rc6 Rhc8 26. Nd4 Bd5 27. Nf5+ $2 (27. Rxc3 $17 Bxg2 28. Rg1) 27... Kf8 28. Rc5 Bxg2 29. Rg1 Bh3 30. Nd6 $2 (30. Bg4 {is a better defense.} Bxg4 31. Rxg4) 30... Bxh4+ 31. Kd1 Rd8 32. Rxc7 Rxd6+ 33. Kc2 Bf5+ 34. Kxc3 Bf6+ 35. Kc4 Be6+ 36. Kc5 Rd5+ {[%emt 0:00:10] Kd4} 0-1